 Dungeon Crawl Stone Soup version 0.30.1-11-g7821555f0a (webtiles) character file.

Game seed: 5465225174625937591

144 Chiseanne the Charlatan (level 5, 39/39 HPs)
             Began as a Demonspawn Wanderer on Nov 24, 2023.
             Quit the game in a sewer.
             The game lasted 00:04:51 (2190 turns).

Chiseanne the Charlatan (Demonspawn Wanderer)       Turns: 2190, Time: 00:04:52

Health: 39/39      AC: 10    Str: 12    XL:     5   Next: 5%
Magic:  5/5        EV:  9    Int: 10    God:
Gold:   132        SH:  0    Dex: 18    Spells: 4/4 levels left

rFire   . . .        s - +1 war axe (heavy)
rCold   . . .        (no shield)
rNeg    . . .        f - +2 scale mail
rPois   .            (no helmet)
rElec   .            (no cloak)
rCorr   .            (no gloves)
SInv    .            (no boots)
Will    .....        (no amulet) Stlth
                     (no ring)
HPRegen 0.26/turn    (no ring)
MPRegen 0.09/turn

%: no passive effects
@: no status effects
A: molten scales 1, foul stench 1, demonic magic 1, weakness stinger 1
a: no special abilities


You were in a sewer.
You visited 1 branch of the dungeon, and saw 3 of its levels.
You also visited: Sewer.

You collected 132 gold pieces.

Inventory:

Hand Weapons
 a - a +2 short sword
 s - a +1 heavy war axe (weapon)
Missiles
 l - 28 stones
 p - 2 throwing nets
Armour
 f - a +2 scale mail (worn)
Wands
 c - a wand of flame (6) (quivered)
Scrolls
 b - a scroll of magic mapping {unknown}
 q - 2 scrolls of poison
 u - a scroll of immolation
Potions
 d - a potion of attraction
 e - a potion of heal wounds
 g - a potion of ambrosia
 h - a potion of invisibility {unknown}
 i - a potion of lignification {unknown}
 j - 2 potions of might
 k - 2 potions of magic
 m - a potion of degeneration {unknown}
 n - a potion of brilliance
 o - a potion of curing {unknown}


   Skills:
 * Level 2.5 Fighting
 - Level 2.6 Short Blades
 - Level 1.7 Staves
 - Level 1.0 Throwing
 * Level 2.5 Armour
 * Level 2.3 Dodging
 - Level 3.0 Evocations


You had 4 spell levels left.
You didn't know any spells.
Your spell library contained the following spells:

 Spells                   Type           Power      Damage    Failure   Level
 Apportation              Tloc           0%         N/A       88%         1
 Necrotise                Necr           0%         1d4       88%         1
 Summon Small Mammal      Summ           0%         N/A       88%         1
 Summon Ice Beast         Ice/Summ       0%         N/A       100%        4
 Summon Mana Viper        Hex/Summ       0%         N/A       100%        5
 Monstrous Menagerie      Summ           0%         N/A       100%        7


Dungeon Overview and Level Annotations

Branches:
Dungeon (3/15)              Sewer (1/1)

Altars:


Innate Abilities, Weirdness & Mutations

You are partially covered in molten scales. (AC +2)
You may rarely emit foul miasma when damaged in melee.
Spells you cast may paralyse adjacent enemies.
You have a small tail.


Message History

No target in view!
No target in view!
You enter the shallow water.
Moving in this stuff is going to be slow.
A frilled lizard comes into view.
The frilled lizard hisses angrily.
The frilled lizard bites you but does no damage.
You slash the frilled lizard!
You kill the frilled lizard!
No target in view!
No target in view!
No target in view!
No target in view!
No target in view!
No target in view!
No target in view!
No target in view!
No target in view!
No target in view!
No target in view!
No target in view!
You enter the shallow water.
Moving in this stuff is going to be slow.
Found a gate leading back out of this place.
o - an inky potion You enter the shallow water.
Moving in this stuff is going to be slow.
You enter the shallow water.
Moving in this stuff is going to be slow.
You enter the shallow water.
Moving in this stuff is going to be slow.
An adder comes into view.
The adder hisses angrily.
You hear an angry hiss.
An adder comes into view.
You slice the adder!!
You kill the adder!
You have reached level 5!
Your demonic ancestry asserts itself...
You grow a small tail.
Are you sure you want to abandon this character and quit the game? (Confirm with "yes".)

########################
~~..~...~~..~~~~.~~.....
~~.~..~~~~.†~~~~@S.~~...
###########~############
#~# #~# #~# #~# #~# #~#
#~#


You could see an adder.

Vanquished Creatures
  6 adders
  2 river rats
  A worm (D:2)
  2 dart slugs
  2 orcs (D:3)
  6 endoplasms
  A giant cockroach (D:3)
  2 hobgoblins
  4 jackals (D:2)
  A quokka (D:1)
  3 ball pythons
  4 bats
  10 frilled lizards
  9 goblins
  4 kobolds
  12 rats
69 creatures vanquished.

Notes
Turn   | Place    | Note
-------+----------+-------------------------------------------
     0 | D:1      | Chiseanne the Demonspawn Wanderer began the quest for the
                  | Orb.
     0 | D:1      | Chiseanne set off with the following items: a +2 short
                  | sword, a +0 quarterstaff, a wand of flame (6), a potion of
                  | attraction, a +0 leather armour.
     0 | D:1      | Reached XP level 1. HP: 13/13 MP: 1/1
   264 | D:1      | Gained mutation: You may rarely emit foul miasma when
                  | damaged in melee. [demonic ancestry]
   264 | D:1      | Reached XP level 2. HP: 20/20 MP: 2/2
   547 | D:1      | Reached skill level 1 in Fighting
   654 | D:2      | Reached skill level 1 in Dodging
   859 | D:2      | Gained mutation: You are partially covered in molten
                  | scales. (AC +2) [demonic ancestry]
   859 | D:2      | Reached XP level 3. HP: 9/26 MP: 3/3
  1261 | D:3      | Gained mutation: Spells you cast may paralyse adjacent
                  | enemies. [demonic ancestry]
  1261 | D:3      | Reached XP level 4. HP: 33/33 MP: 4/4
  1608 | D:3      | Found a glowing drain.
  1620 | Sewer    | Entered a sewer
  2190 | Sewer    | Gained mutation: You have a small tail. [demonic ancestry]
  2190 | Sewer    | Reached XP level 5. HP: 39/39 MP: 5/5
  2190 | Sewer    | Quit the game

Illustrated notes

Levels and vault maps discovered:
D:1:      noname_arrival_rooms_in_the_neighbourhood, layout_rooms,
          item_on_display_a
D:2:      layout_basic, grunt_ministairs_8
D:3:      layout_loops_ring, kennysheep_orc_sif_temple,
          ebering_ecumenical_altar_sacrificial, cheibrodos_sewer_entry_sluice,
          chequers_serial_rivers_marsh, kennysheep_decorative_pillar,
          chequers_serial_rivers_room_b, uniq_terence
Sewer:    sewer_co_cracked_pipes

Skill      XL: |  1  2  3  4 |
---------------+-------------+-----
Fighting       | 1 2 |  2.5
Dodging        | 1 2 |  2.3
Armour         | 2 |  2.5
Short Blades   | |  2.6
Staves         | |  1.7
Throwing       | |  1.0
Evocations     | |  3.0

Action                     |  1- 3 |  4- 6 || total
---------------------------+-------+-------++-------
  Melee: Short sword       |   100 |    85 ||   185
         War axe           |       |     7 ||     7
         Punch             |       |     2 ||     2
    Use: Scroll            |     2 |    10 ||    12
 Armour: Scale mail        |    46 |    56 ||   102
  Dodge: Dodged            |    44 |    46 ||    90
